 Dungeon Crawl Stone Soup version 0.23-a0-644-gb60d84b (webtiles) character file.

7722 TheGoonsmith the Nimble (level 11, 0/83 HPs)
             Began as a Merfolk Transmuter on Jan 1, 2019.
             Was a High Priest of Cheibriados.
             Slain by a porcupine (9 damage)
             ... on level 10 of the Dungeon.
             The game lasted 00:24:47 (9435 turns).

TheGoonsmith the Nimble (Merfolk Transmuter)        Turns: 9435, Time: 00:24:48

Health: 0/83       AC:  7    Str: 23    XL:     11   Next: 19%
Magic:  17/17      EV: 40    Int: 25    God:    Cheibriados [*****.]
Gold:   72         SH:  0    Dex: 29    Spells: 2/18 levels left

rFire    . . .     SeeInvis .     - Unarmed
rCold    . . .     Gourm    .   (shield currently unavailable)
rNeg     . . .     Faith    .   c - +2 robe of Vines {NoPotionHeal Regen+7}
rPois    .         Spirit   .   q - +1 helmet
rElec    .         Reflect  .   (no cloak)
rCorr    .         Harm     .   (gloves currently unavailable)
MR       +....                  (no boots)
Stlth    ++........             k - amulet of the acrobat
HPRegen  3.03/turn              l - ring of protection from magic
MPRegen  0.15/turn              z - +1 ring of protection

@: blade hands, acrobat, very slow
A: change form in water, swift swim, stealthy swim
a: End Transformation, Bend Time, Temporal Distortion, Slouch, Step From Time,
Renounce Religion


You were on level 10 of the Dungeon.
You worshipped Cheibriados.
Cheibriados was extremely pleased with you.
You were not hungry.
You had blades for hands.
You visited 1 branch of the dungeon, and saw 10 of its levels.

You collected 399 gold pieces.
You spent 327 gold pieces at shops.

Inventory:

Missiles
 a - 78 arrows
Armour
 b - a +0 robe
 c - the +2 robe of Vines (worn) {NoPotionHeal Regen+7}
   (You found it on level 6 of the Dungeon)

   It increases your rate of regeneration.
 j - a +0 pair of gloves (melded)
 q - a +1 helmet (worn)
Jewellery
 e - an uncursed ring of magical power
 k - an amulet of the acrobat (around neck)
 l - a ring of protection from magic (left scythe-like blade)
 s - an uncursed ring of magical power
 v - an uncursed ring of ice
 z - a +1 ring of protection (right scythe-like blade)
Wands
 u - a wand of clouds (12)
 w - a wand of iceblast (5)
 y - a wand of flame (25)
Scrolls
 f - 6 scrolls of remove curse
 h - 8 scrolls of teleportation
 o - a scroll of enchant armour
 r - 7 scrolls of identify
 t - a scroll of magic mapping
 B - a scroll of amnesia
Potions
 g - 2 potions of flight
 i - 5 potions of brilliance
 m - 4 potions of curing
 n - a potion of lignification
 p - a potion of agility
 A - a potion of cancellation
Comestibles
 d - 11 rations


   Skills:
 + Level 6.8 Fighting
 + Level 11.3 Dodging
 + Level 10.9 Unarmed Combat
 - Level 4.0 Spellcasting
 - Level 2.0 Translocations
 - Level 9.3 Transmutations
 - Level 3.3 Ice Magic
 - Level 2.2 Poison Magic


You had 2 spell levels left.
You knew the following spells:

 Your Spells              Type           Power        Failure   Level  Hunger
a - Blade Hands           Tmut           ######....   34%         5    #####..
b - Sticks to Snakes      Tmut           ######..     10%         2    None
c - Spider Form           Tmut/Pois      ####......   24%         3    ##.....
d - Ice Form              Ice/Tmut       #####...     38%         4    ####...
e - Blink                 Tloc           N/A          36%         2    None

Your spell library contained the following spells:

 Spells                   Type           Power        Failure   Level  Hunger
 Beastly Appendage        Tmut           ######       9%          1    None
 Sting                    Conj/Pois      ##..         36%         1    None
 Magic Dart               Conj           #...         43%         1    None
 Poisonous Vapours        Pois/Air       ##....       43%         2    None
 Call Imp                 Summ           #.......     54%         2    None
 Slow                     Hex            #.......     54%         2    None
 Mephitic Cloud           Conj/Pois/Air  #.......     63%         3    ##.....
 Conjure Flame            Conj/Fire      #.......     69%         3    ##.....
 Olgreb's Toxic Radiance  Pois           ###.....     78%         4    ####...
 Venom Bolt               Conj/Pois      ##........   99%         5    #####..


Dungeon Overview and Level Annotations

Branches:
Dungeon (10/15)            Temple (0/1) D:6             Orc (0/2) D:9
   Lair: D:8-11

Altars:
Cheibriados
Dithmenos
Kikubaaqudgha
Makhleb
Nemelex Xobeh
Okawaru
Ru
Sif Muna
Vehumet
Xom

Shops:
D:6 }   D:7 (}==   D:8 (?:}?   D:9 *

Annotations:
D:2 Sigmund
D:8 1 runed door, Tekkless's ghost, novice MiFi


Message History

You hit the crocodile.
You kill the crocodile!
Cheibriados appreciates the change of pace.
The porcupine bites you but does no damage.
The black bear completely misses you. The black bear closely misses you.
The black bear completely misses you.
You slice the black bear!!
You kill the black bear!
Cheibriados thoroughly appreciates the change of pace.
Cheibriados raises the support of your attributes as your movement slows.
The porcupine barely misses you.
You are struck by the porcupine's spines.
* * * LOW HITPOINT WARNING * * *
You slash the porcupine!
The porcupine is almost dead.
The porcupine misses you.
You have no ailments to cure.
Okay, then.
The porcupine bites you!
You die...

.......................
.......................
.......................
.......................
......††...........####
^Pl..†.............#
.P..P.##'#.....)...#
.........#.....†r..#
P.P♣P....#.....†@..#
.P...@...#.........# .
.......#...)....<#
.Ph.♣lP.#.........#
P.P...P..#.........#
#...........
#%..........
#............


You could see a porcupine.

Vanquished Creatures
  Josephine (D:10)
  Erica (D:9)
  A troll (D:9)
  A hornet (D:7)
  A hippogriff (D:9)
  3 wraiths (D:9)
  A basilisk (D:10)
  2 porcupines (D:10)
  Duvessa (D:5)
  4 black bears
  2 sky beasts
  2 necrophages
  3 ice beasts
  2 orc warriors (D:7)
  3 phantoms (D:6)
  5 ogres
  2 wolves (D:10)
  3 crocodiles (D:10)
  A centaur (D:6)
  3 big kobolds
  3 bullfrogs
  Dowan (D:5)
  4 scorpions
  3 wights (D:7)
  3 killer bees (D:7)
  5 crimson imps
  A bullfrog zombie (D:3)
  6 hounds
  2 orc priests
  2 bullfrog skeletons
  4 jellies
  5 worker ants
  Jessica (D:2)
  5 iguanas
  7 orc wizards
  A hound zombie (D:6)
  A hound skeleton (D:9)
  A howler monkey zombie (D:8)
  A worker ant zombie (D:9)
  Robin (D:4)
  10 adders
  11 gnolls
  4 shadow imps
  3 adder skeletons
  A worm (D:3)
  5 dart slugs
  7 leopard geckos
  26 orcs
  A ball python (D:1)
  6 giant cockroaches
  6 goblins
  10 hobgoblins
  6 jackals
  8 quokkas
  7 bats
  3 frilled lizards
  2 jackal skeletons
  23 kobolds
  7 rats
245 creatures vanquished.

Vanquished Creatures (others)
  A goblin (D:4)
  A plant (D:10)
2 creatures vanquished.

Grand Total: 247 creatures vanquished

Notes
Turn   | Place    | Note
-------+----------+-------------------------------------------
     0 | D:1      | TheGoonsmith the Merfolk Transmuter began the quest for the
                  | Orb.
     0 | D:1      | Reached XP level 1. HP: 15/15 MP: 3/3
   399 | D:1      | Reached XP level 2. HP: 21/21 MP: 5/5
   738 | D:1      | Reached skill level 3 in Dodging
  1195 | D:1      | Reached XP level 3. HP: 25/26 MP: 6/6
  2081 | D:2      | Reached XP level 4. HP: 22/33 MP: 7/7
  2229 | D:2      | Noticed Jessica
  2254 | D:2      | Killed Jessica
  2524 | D:2      | Noticed Sigmund
  2606 | D:2      | Learned a level 2 spell: Sticks to Snakes
  2610 | D:2      | Learned a level 3 spell: Spider Form
  2770 | D:3      | Reached XP level 5. HP: 34/38 MP: 1/8
  3042 | D:3      | Reached skill level 4 in Dodging
  3566 | D:4      | Reached skill level 5 in Unarmed Combat
  3566 | D:4      | Reached XP level 6. HP: 38/46 MP: 6/10
  3634 | D:4      | Noticed Robin
  3640 | D:4      | Killed Robin
  3930 | D:5      | Entered Level 5 of the Dungeon
  4431 | D:4      | Reached XP level 7. HP: 27/52 MP: 8/11
  4598 | D:4      | Found a radiant altar of Vehumet.
  4600 | D:4      | Found an iron altar of Okawaru.
  4600 | D:4      | Found a shimmering altar of Xom.
  4601 | D:4      | Found a sparkling altar of Nemelex Xobeh.
  4601 | D:4      | Found a deep blue altar of Sif Muna.
  4602 | D:4      | Found a shadowy altar of Dithmenos.
  4603 | D:4      | Found a snail-covered altar of Cheibriados.
  4604 | D:4      | Found a burning altar of Makhleb.
  4605 | D:4      | Found an ancient bone altar of Kikubaaqudgha.
  4612 | D:4      | Became a worshipper of Cheibriados the Contemplative
  4719 | D:4      | Reached skill level 5 in Dodging
  5131 | D:5      | Reached * piety under Cheibriados
  5134 | D:5      | Reached skill level 1 in Poison Magic
  5175 | D:5      | Noticed Duvessa
  5175 | D:5      | Noticed Dowan
  5184 | D:5      | Killed Duvessa
  5191 | D:5      | Killed Dowan
  5191 | D:5      | Reached XP level 8. HP: 43/61 MP: 6/12
  5705 | D:6      | Found a sacrificial altar of Ru.
  5768 | D:6      | Reached skill level 5 in Fighting
  5768 | D:6      | Reached skill level 6 in Dodging
  6469 | D:6      | Reached ** piety under Cheibriados
  6477 | D:6      | Reached skill level 7 in Dodging
  6500 | D:6      | Reached skill level 5 in Transmutations
  6644 | D:6      | Found the +2 robe of Vines {NoPotionHeal Regen+7}
  6652 | D:6      | Reached skill level 8 in Dodging
  6652 | D:6      | Reached XP level 9. HP: 45/68 MP: 10/13
  6735 | D:6      | Found Riorot's Gadget Shoppe.
  7163 | D:6      | Found a staircase to the Ecumenical Temple.
  7179 | D:7      | Found Fyxir's Gadget Boutique.
  7191 | D:7      | Reached *** piety under Cheibriados
  7252 | D:7      | Reached skill level 9 in Dodging
  7424 | D:7      | Found Fibry's Antique Weapon Shoppe.
  7714 | D:7      | Found Yxkoqoyb's Jewellery Boutique.
  7727 | D:7      | Found Fihi Xiz's Jewellery Emporium.
  7808 | D:7      | Reached skill level 10 in Dodging
  7882 | D:7      | Learned a level 5 spell: Blade Hands
  7887 | D:7      | Learned a level 4 spell: Ice Form
  7930 | D:8      | Noticed a hornet
  7945 | D:7      | Killed a hornet
  7945 | D:7      | Reached **** piety under Cheibriados
  7945 | D:7      | Reached XP level 10. HP: 18/74 MP: 16/16
  8214 | D:8      | Found Zumawk's Magic Scroll Boutique.
  8226 | D:8      | Bought a scroll of fear for 45 gold pieces
  8226 | D:8      | Bought a scroll of teleportation for 39 gold pieces
  8226 | D:8      | Bought a scroll of teleportation for 39 gold pieces
  8226 | D:8      | Bought a scroll of teleportation for 39 gold pieces
  8226 | D:8      | Bought a scroll of teleportation for 39 gold pieces
  8226 | D:8      | Bought a scroll of identify for 26 gold pieces
  8236 | D:8      | Found Jupa's Book Shoppe.
  8241 | D:8      | Reached skill level 10 in Unarmed Combat
  8262 | D:8      | Found Ajaiz's Magic Scroll Emporium.
  8280 | D:8      | Bought a scroll of magic mapping for 42 gold pieces
  8280 | D:8      | Bought a scroll of teleportation for 36 gold pieces
  8333 | D:8      | Found Uloum's Weapon Emporium.
  8420 | D:8      | Found Oweopteg's Gadget Emporium.
  8594 | D:8      | Found a runed door.
  8594 | D:8      | Noticed Tekkless's ghost (novice MiFi)
  8687 | D:9      | Learned a level 2 spell: Blink
  8756 | D:9      | Noticed Erica
  8766 | D:9      | Killed Erica
  8766 | D:9      | Reached skill level 1 in Translocations
  8790 | D:9      | Reached ***** piety under Cheibriados
  8867 | D:9      | Found Cegudej's Assorted Antiques.
  8870 | D:9      | Bought a cyan potion for 22 gold pieces
  9087 | D:9      | Found a staircase to the Orcish Mines.
  9315 | D:10     | Entered Level 10 of the Dungeon
  9347 | D:10     | Noticed Josephine
  9385 | D:9      | Reached XP level 11. HP: 74/81 MP: 13/17
  9408 | D:10     | Killed Josephine
  9408 | D:10     | Reached skill level 11 in Dodging
  9434 | D:10     | HP: 1/83 [porcupine's spines (14)]
  9435 | D:10     | Slain by a porcupine

Vault maps used:
D:1:      tarquinn_simple_flora_water_d
D:2:      first_ration, uniq_sigmund, uniq_jessica
D:3:      minmay_pentomino_pile
D:4:      minitemple, uniq_robin
D:5:      uniq_duvessa
D:6:      lemuel_temple_firewalk_b, serial_shops, kennysheep_mini_moat,
          basic_altar, minmay_divided_ellipse
D:7:      serial_shops, shop, nicolae_shop_competitors_out_of_business, shop,
          shop
D:8:      serial_shops, shop_statue, shop_fountains, shop, shop_statue, shop,
          ebering_ghost_reflecting_pool
D:9:      orc_0_dummy, serial_shops, nicolae_shop_window_shopping, uniq_erica
D:10:     minmay_lair_entry_grove, hangedman_fish_farm, uniq_grum,
          uniq_josephine

Skill      XL: |  1  2  3  4  5  6  7  8  9 10 11 |
---------------+----------------------------------+-----
Transmutations | 3 4 5 7 9 |  9.3
Dodging        | 3 4 5 8 10 11 | 11.3
Unarmed Combat | 4 5 6 8 9 10 | 10.9
Fighting       | 2 3 4 5 6 |  6.8
Spellcasting   | 3 4 |  4.0
Poison Magic   | 1 2 |  2.2
Translocations | 2 |  2.0
Ice Magic      | 3 |  3.3

Action                   |  1- 3 |  4- 6 |  7- 9 | 10-12 || total
-------------------------+-------+-------+-------+-------++-------
Melee: Unarmed           |   134 |   195 |   382 |   138 ||   849
       Headbutt          |     8 |     6 |       |       ||    14
       Punch             |       |       |     6 |    13 ||    19
 Cast: Beastly Appendage |     8 |     8 |       |       ||    16
       Spider Form       |       |    12 |    32 |     1 ||    45
       Blade Hands       |       |       |       |    18 ||    18
 Abil: End Transformatio |       |       |       |     1 ||     1
  Use: Scroll            |       |       |    12 |     7 ||    19
 Stab: Sleeping          |     1 |       |     3 |       ||     4
       Distracted        |       |       |       |     1 ||     1
  Eat: Chunk             |     3 |     7 |     8 |     7 ||    25
       Ration            |       |     1 |     1 |     1 ||     3
Armor: Robe              |    25 |    15 |    23 |    52 ||   115
       Skin              |       |     2 |     6 |       ||     8
Dodge: Dodged            |    91 |   181 |   474 |   249 ||   995

Table legend:
 A = Non-vault XP
 B = Vault XP
 C = Vault XP percentage of total XP
 D = Non-vault monster count
 E = Vault monster count
 F = Vault count percentage of total count
                 A         B        C        D         E       F
            +---------+---------+-------+---------+---------+-------
      Total |    5833 |    5199 |  47.1 |     202 |      43 |  17.6
            +---------+---------+-------+---------+---------+-------
        D:1 |      51 |       0 |   0.0 |      26 |       0 |   0.0
        D:2 |      52 |      37 |  41.6 |      16 |       1 |   5.9
        D:3 |     159 |      12 |   7.0 |      19 |       6 |  24.0
        D:4 |     417 |      23 |   5.2 |      18 |       6 |  25.0
        D:5 |     309 |     220 |  41.6 |      21 |       2 |   8.7
        D:6 |     921 |     820 |  47.1 |      26 |      11 |  29.7
        D:7 |    1906 |       0 |   0.0 |      30 |       0 |   0.0
        D:8 |     934 |       0 |   0.0 |      33 |       0 |   0.0
        D:9 |    1084 |    1586 |  59.4 |      13 |       4 |  23.5
       D:10 |       0 |    2501 | 100.0 |       0 |      13 | 100.0
            +---------+---------+-------+---------+---------+-------
